 Dungeon Crawl Stone Soup version 0.19.1 (webtiles) character file.

16 Melicamp the Vexing (level 2, -11/16 HPs)
             Began as a Kobold Arcane Marksman on Nov 27, 2016.
             Mangled by a goblin
             ... wielding a +0 dagger of electrocution
              (12 damage)
             ... on level 1 of the Dungeon.
             The game lasted 00:08:29 (620 turns).

Melicamp the Vexing (Kobold Arcane Marksman)         Turns: 620, Time: 00:08:29

Health: -11/16     AC:  3    Str:  8    XL:     2   Next: 70%
Magic:  0/3        EV: 15    Int: 14    God:
Gold:   0          SH:  0    Dex: 14    Spells: 1 memorised, 2 levels left

rFire  . . .     SeeInvis .     a - +0 hand crossbow
rCold  . . .     Gourm    .     e - +1 robe
rNeg   . . .     Faith    .     (shield restricted)
rPois  .         Spirit   .     (no helmet)
rElec  .         Reflect  .     (no cloak)
rCorr  .         Harm     .     (no gloves)
MR     .....                    (no boots)
Stlth  ++........               (no amulet)
                                (no ring)
                                (no ring)

@: no status effects
A: carnivore 3
a: no special abilities


You were on level 1 of the Dungeon.
You were completely stuffed.

You visited 1 branch of the dungeon, and saw 1 of its levels.

Inventory:

Hand Weapons
 a - a +0 hand crossbow (weapon)
 h - a +0 dagger
Missiles
 d - 15 bolts (quivered)
 g - 41 sling bullets
Armour
 e - a +1 robe (worn)
Jewellery
 l - an uncursed ring of ice {unknown}
Potions
 b - a potion of curing {unknown}
 i - 2 potions of heal wounds {unknown}
Books
 c - a book of Debilitation

   Spells                             Type                      Level
   a - Corona                         Hexes                        1
   b - Slow                           Hexes                        2
   c - Gell's Gravitas                Hexes/Translocation          3
   d - Inner Flame                    Hexes/Fire                   3
   e - Cause Fear                     Hexes                        4
   f - Leda's Liquefaction            Hexes/Earth                  4
Comestibles
 f - 2 meat rations
 j - a chunk of flesh


   Skills:
 - Level 1.1 Fighting
 * Level 3.1 Crossbows
 - Level 2.4 Dodging
 + Level 0.8 Stealth
 - Level 1.1 Spellcasting
 - Level 3.3 Hexes


You had 2 spell levels left.
You knew the following spells:

 Your Spells              Type           Power        Failure   Level  Hunger
a - Corona                Hex            ##.....      10%         1    ##.....


Dungeon Overview and Level Annotations

Branches:
Dungeon (1/15)

Altars:


Innate Abilities, Weirdness & Mutations

You are small and have problems with some larger weapons.
You are carnivorous and can eat meat at any time.


Message History

Casting: Corona
Confirm with . or Enter, or press ? or * to list all spells.
Aiming: Corona
Press: ? - help, Shift-Dir - straight line, f/p - goblin
Aim: a goblin, wielding a dagger of electrocution (chance to defeat MR: 63%)
The goblin is outlined in light.
Firing (i - inventory):
d - 17 bolts (quivered)
Press: ? - help, Shift-Dir - straight line, f/p - goblin
Aim: a goblin, wielding a dagger of electrocution (softly glowing)
You shoot a bolt. The bolt barely misses the goblin.
The goblin hits you but does no damage.
You are electrocuted!
Ouch! That really hurt!
* * * LOW HITPOINT WARNING * * *
Firing (i - inventory):
d - 16 bolts (quivered)
Press: ? - help, Shift-Dir - straight line, f/p - goblin
Aim: a goblin, wielding a dagger of electrocution (softly glowing)
You shoot a bolt. The bolt barely misses the goblin.
The goblin hits you but does no damage.
You are electrocuted!
Ouch! That really hurt!
You die...

###.......##.......###.....$ ..#
.##..)....##....(.....).# #..
..#.....................# #..
..........##..#..#......#######)^
..#.......##........###.........#
.##..............#..# ##.........
############........# #....#.###
#### #####g#### #....#.# ...# #@#
#......# ##.# ######(# ###...###
##.# #......# ###......§# ##.#
#.###### #.......#.#
##.########.# #.#.##..#.##.
........÷>..# # #. #..§§.§.
####.######## .......§§§.§.
###...# #.#.......#.# #)..#...#
#.........#.#


You could see a goblin.

Vanquished Creatures
  2 giant cockroaches (D:1)
  A goblin (D:1)
  4 hobgoblins (D:1)
  3 bats (D:1)
  2 kobolds (D:1)
  3 rats (D:1)
15 creatures vanquished.

Notes
Turn   | Place    | Note
-------+----------+-------------------------------------------
     0 | D:1      | Melicamp the Kobold Arcane Marksman began the quest for the Orb.
     0 | D:1      | Reached XP level 1. HP: 12/12 MP: 2/2
   193 | D:1      | Reached XP level 2. HP: 15/16 MP: 0/3
   620 | D:1      | Mangled by a goblin

Skill      XL: |  1  2 |
---------------+-------+-----
Crossbows      | 3 |  3.1
Fighting       | |  1.1
Dodging        | |  2.4
Stealth        | |  0.8
Spellcasting   | |  1.1
Hexes          | |  3.3

Action                   || total
-------------------------++-------
Melee: Dagger            ||    41
       Hand crossbow     ||     1
 Fire: Hand crossbow     ||    16
 Cast: Corona            ||    16
  Use: Scroll            ||     6
 Stab: Sleeping          ||     1
  Eat: Chunk             ||     8
Armor: Robe              ||    17
Dodge: Dodged            ||    59
